[Event "4NCL Div 2 2024-25"]
[Site "England"]
[Date "2025.01.26"]
[Round "4.9"]
[White "Pein, Jonathan"]
[Black "Mestel, A Jonathan"]
[Result "1-0"]
[Annotator "TA"]
[ECO "B13"]
[WhiteElo "2249"]
[BlackElo "2458"]
[PlyCount "79"]
[EventDate "2024.11.23"]
[EventType "team-tourn"]
[EventCountry "ENG"]
[SourceTitle "playchess.com"]
[Source "ChessBase"]
[SourceQuality "1"]
[TimeControl "40/6000+30:3000+30"]

1. e4 c6 2. d4 d5 3. exd5 cxd5 4. Bd3 Nc6 5. c3 Nf6 6. Bf4 Bg4 7. Qb3 Qd7 8. Nd2 e6 9. Ngf3 Bd6 10. Bxd6 Qxd6 11. O-O O-O 12. Rae1 Bxf3 13. Nxf3 Qc7 14. Qc2 g6 15. Qe2 Kg7 {[%emt 0:10:00] White is slightly better.} 16. Nh4 Rae8 17. f4 Re7 (17... Ne7 {keeps more tension.} 18. Qe5 Rc8 19. Rf2 Nc6) 18. g4 Rfe8 19. Qg2 Kh8 20. Re3 Rg8 21. Rh3 Ne8 22. Kh1 {[%emt 0:08:40] White is more active.} Nd6 23. Qg3 Rg7 24. g5 Nf5 25. Qf2 Nxh4 26. Rxh4 Re8 27. Re1 Ne7 28. Re3 a6 29. Kg1 Qd7 30. Qe1 Rf8 31. Rh6 {[%emt 0:02:45] Strongly threatening Reh3.} Qd8 $2 (31... Qc7 $11) 32. Reh3 $1 $18 {[%emt 0:02:17] White wants to mate with Qh4.} Ng8 {[%emt 0:00:11] [#]} (32... f5 $142 33. Qe5 (33. Qxe6 Qc7 $18) 33... Kg8 34. Qxe6+ Kh8) 33. Qe5 $1 f6 {[%emt 0:00:07] [#]} 34. gxf6 ({Only move:} 34. Rxg6 $1 $18 Rff7 (34... fxe5 $2 35. Rxg7 $18) 35. Qxe6) 34... Qxf6 (34... Rxf6 $11 {and Black stays safe.} 35. R6h4 (35. Rxg6 $2 {too greedy.} Rfxg6+ 36. Bxg6 Qf6 $19) 35... Qa5) 35. Rxg6 $40 {[%emt 0:01:11][%mdl 128] Black is in trouble.} Qxe5 (35... Rff7) 36. fxe5 {[%emt 0:00:08] Hoping for Rxg7.} (36. dxe5 Rxf4 37. Rxg7 Kxg7 $16) 36... Rff7 {[%emt 0:00:01] And now ...Rxg6+ would win.} 37. Rxg7 Rxg7+ 38. Kf2 Ne7 (38... Re7 {keeps fighting.} 39. a4 Rg7) 39. Rh6 Rf7+ 40. Ke2 {[%emt 0:00:28] Weighted Error Value: White=0.24 (precise) /Black=0.50.  Loses game:     	---       	Black=2      Missed win:     	White=1     	---        Mistake:       	---       	Black=3      Inaccurate:     	White=4     	Black=6      OK:         	White=6     	Black=7      Best:        	White=2     	---        Strong:       	White=2     	---} 1-0

[Event "4NCL Div 2 2024-25"]
[Site "England"]
[Date "2025.01.26"]
[Round "4.10"]
[White "Richardson, John R"]
[Black "Horton, Jamie A"]
[Result "1/2-1/2"]
[Annotator "TA"]
[ECO "D31"]
[WhiteElo "2287"]
[BlackElo "2163"]
[PlyCount "45"]
[EventDate "2024.11.23"]
[EventType "team-tourn"]
[EventCountry "ENG"]
[SourceTitle "playchess.com"]
[Source "ChessBase"]
[SourceQuality "1"]
[TimeControl "40/6000+30:3000+30"]

1. d4 d5 2. c4 e6 3. Nc3 a6 4. cxd5 exd5 5. Qb3 c5 6. Nxd5 {[%emt 0:04:39] Hoping for e4.} (6. Qxd5 cxd4 7. Qxd8+ Kxd8 $11) 6... Be6 7. e4 (7. Qxb7 $2 Bxd5 $19 (7... Qxd5 $2 8. Qxd5 Bxd5 9. dxc5 $19) (7... Qxd5 $2 8. Qxd5 Bxd5 9. dxc5 $19)) 7... Nc6 8. Nf3 {[%emt 0:02:43] White is slightly better.} (8. Qxb7 $2 {is the wrong capture.} Bxd5 9. exd5 Na5 (9... Nxd4 10. Bf4 $16) 10. Bb5+ axb5 11. Qxb5+ Qd7 12. Qe2+ Be7 $17) 8... cxd4 (8... Nge7 $1 $14 {might be stronger.}) 9. Be2 {[%emt 0:04:15] White is more active.} (9. Qxb7 Bxd5 10. exd5 Na5 11. Bb5+ axb5 12. Qxb5+ Qd7 13. Nxd4 Qxb5 14. Nxb5 Kd7 $17) (9. Ng5 $16) 9... Bb4+ $11 {[%emt 0:04:29] The position is equal.} 10. Kf1 {[%emt 0:09:19] [#] aiming for Ng5.} Nge7 11. Bg5 Nxd5 12. Bxd8 Ne3+ 13. fxe3 Bxb3 14. Bb6 Bc2 15. Nxd4 Bxe4 16. Bf3 Bxf3 17. gxf3 Nxd4 18. Bxd4 O-O 19. Rc1 Rac8 {[%emt 0:02:10] Prevents Rc7} 20. Ke2 f6 21. h3 Kf7 22. a3 Be7 23. Bb6 {[%emt 0:12:30] Weighted Error Value: White=0.09 (flawless) /Black=0.08 (flawless) .  Mistake:       	White=1     	Black=1      Inaccurate:     	---       	Black=1      OK:         	White=10    	Black=10     Best:        	---       	Black=1} 1/2-1/2

[Event "4NCL Div 2 2024-25"]
[Site "England"]
[Date "2025.01.26"]
[Round "4.11"]
[White "Maciol, Ryszard"]
[Black "Babu, Rahul"]
[Result "1-0"]
[Annotator "TA"]
[ECO "D10"]
[WhiteElo "2125"]
[BlackElo "2169"]
[PlyCount "115"]
[EventDate "2024.11.23"]
[EventType "team-tourn"]
[EventCountry "ENG"]
[SourceTitle "playchess.com"]
[Source "ChessBase"]
[SourceQuality "1"]
[TimeControl "40/6000+30:3000+30"]

1. d4 Nf6 2. c4 c6 3. Nc3 d5 4. cxd5 cxd5 5. Bf4 Qb6 6. e3 Qxb2 {[%emt 0:01:12] D10: Slav Defence: 3 cxd5 (without early Nf3) and 3 Nc3.} 7. Bb5+ Bd7 8. Bxd7+ Nbxd7 {[%emt 0:00:07] White is slightly better.} 9. Nge2 a6 10. Rb1 Qa3 11. Rxb7 e6 12. O-O Rc8 (12... Be7 $16) 13. Bc7 $146 ({White should try} 13. Ra7 $1 $18) (13. Ra7 Bb4 14. Nb5 Qxa2 15. Nc7+ Rxc7 16. Bxc7 O-O 17. Qd3 a5 18. Rb1 Qa4 19. h3 {0-1 Zwardon,V (2470)-Piesik,P (2389) SVK-chT 2122 2021 (9.5)}) 13... Bb4 $1 $14 14. Qc2 Bxc3 15. Nxc3 O-O 16. Rfb1 {[%emt 0:03:36] Strong Rooks White (b1+b7)} Ne8 17. R1b3 Qe7 18. Bg3 Nd6 19. Ra7 Ra8 (19... Nb5 $1 $11 20. Rxa6 Nxc3 21. Rxc3 Qb4) 20. Rc7 {[%emt 0:02:39][%cal Oc3d5] White plays on the queen side and is better} Ne8 ({Black should play} 20... Rfd8 $1 $14) 21. Rc6 $16 {[%emt 0:01:05] White is much more active.} Ndf6 22. Na4 {[%emt 0:06:16] And now Nb6 would win.} Ne4 23. Nb6 Rd8 24. Be5 f6 {[%emt 0:01:14] [#]} 25. Bf4 (25. Bg3 $1 $16) 25... e5 $14 26. Bg3 (26. Nxd5 Rxd5 27. Qxe4 Qd7 28. Rxa6 exf4 $19) 26... exd4 27. exd4 (27. Nc8 $16 Qd7 28. exd4) 27... Nxg3 28. hxg3 Nd6 {[%emt 0:00:10] Dodges Nc8} (28... f5 $14) 29. Re3 $16 Qf7 30. Rc7 $36 {[%emt 0:00:00][%mdl 2048] Black is under strong pressure.} Qh5 {[%emt 0:00:03] [#]} 31. g4 {[%emt 0:00:00] Prevents Nf5.} Qxg4 {[%emt 0:02:18][%mdl 8192] White has space advantage and is better This move loses the game for Black.} (31... Qg6 $16) 32. Rg3 $18 ({Not} 32. Nxd5 Kh8 $16) 32... Qxg3 33. fxg3 Nb5 34. Re7 Nxd4 35. Qd3 Nc6 36. Rd7 Ne5 37. Qxd5+ ({Inferior is} 37. Qxa6 Nxd7 38. Nxd5 Rfe8 $17) 37... Nf7 38. Qe6 Rxd7 39. Nxd7 Rd8 40. Nc5 a5 41. Nb7 Rd1+ 42. Kh2 Kf8 {[%emt 0:01:14] Wards off Qe8+} 43. Qc8+ Ke7 44. Qc5+ Ke8 45. Qxa5 Kf8 46. Qa8+ Ke7 47. Qa3+ Ke6 48. Qa6+ Kf5 {[%emt 0:00:00] [#]} 49. g4+ $1 {[%emt 0:00:00] White mates.} Kg5 50. Qe2 Ra1 51. Nc5 Ne5 52. Ne4+ Kg6 53. Nd6 Kg5 54. Qe3+ Kxg4 55. Qd4+ Kh5 56. Qxa1 g5 57. Qd1+ Kh4 58. g3# {[%emt 0:00:00] Weighted Error Value: White=0.16 (very precise) /Black=0.35  Loses game:     	---       	Black=1      Mistake:       	White=3     	Black=4      Inaccurate:     	White=1     	Black=2      OK:         	White=13    	Black=8      Best:        	White=4     	Black=6      Strong:       	---       	Black=1} 1-0

[Event "4NCL Div 2 2024-25"]
[Site "England"]
[Date "2025.01.26"]
[Round "4.12"]
[White "Roe, Simon J"]
[Black "Gallana, Marco"]
[Result "0-1"]
[Annotator "TA"]
[ECO "E68"]
[WhiteElo "2145"]
[BlackElo "2216"]
[PlyCount "64"]
[EventDate "2024.11.23"]
[EventType "team-tourn"]
[EventCountry "ENG"]
[SourceTitle "playchess.com"]
[Source "ChessBase"]
[SourceQuality "1"]
[TimeControl "40/6000+30:3000+30"]

1. c4 Nf6 2. Nf3 g6 3. g3 Bg7 4. Bg2 O-O 5. Nc3 d6 6. d4 Nbd7 7. O-O e5 8. e4 exd4 9. Nxd4 Re8 10. h3 Nc5 11. Re1 Bd7 12. Rb1 h6 13. Kh2 a5 14. Ndb5 a4 15. f3 h5 16. Be3 {[%emt 0:03:47] White is slightly better.} h4 {[%emt 0:02:01] White must now prevent ...hxg3+.} 17. g4 Bxb5 18. cxb5 Nfd7 19. Nd5 Ne5 {[%emt 0:19:57] [#]} (19... c6 $11 20. Nb4 Qa5 (20... cxb5 21. Qe2 $15) 21. bxc6 Qxb4 22. cxd7 Nxd7) 20. b6 $1 $14 cxb6 21. g5 (21. f4 {simplifies} Nc6 22. Bf2 g5 23. fxg5 Qxg5 24. Nxb6 Rab8 25. Kg1) 21... Nc4 22. Bd4 (22. f4 $11 {keeps the balance.} Nxe3 23. Rxe3) 22... Qxg5 $17 23. f4 $2 {[%emt 0:01:54] This costs White the game.} (23. Bxg7 $17 Kxg7 24. Qd4+ Qe5+ 25. Qxe5+ Rxe5 (25... dxe5 26. Nc7 $17) 26. f4 Rxd5 27. exd5) 23... Qg3+ $19 24. Kh1 {[%emt 0:00:11] And now Bxg7 would win.} Nd3 25. Bg1 Ncxb2 ({Weaker is} 25... Qxe1 26. Qxd3 Nxb2 27. Qc2 $11) (25... Nxf4 26. Nxf4 Qxf4 27. b3 axb3 28. axb3 $19) 26. Rxb2 (26. Qd2 Nxe1 (26... Nc4 $2 27. Qe2 $19) 27. Rxe1) 26... Nxe1 {[%emt 0:00:59] Black is clearly winning.} (26... Bxb2 27. Rf1 Rac8 28. Rf3 $15 (28. Nxb6 $2 {perishes.} Nxf4 29. Qg4 Qxg4 $19)) 27. Bh2 Qa3 28. Re2 Nxg2 29. Kxg2 Rac8 {[%emt 0:03:35] ...Rc4 would now be deadly.} 30. Qe1 Qd3 {[%emt 0:01:53] Hoping for ...Rc2.} 31. Re3 Rc2+ 32. Kh1 {[%emt 0:00:05] [#]} Rxe4 $3 {[%emt 0:01:53] Weighted Error Value: White=1.28/Black=0.38.  Loses game:     	White=1     	---        Mistake:       	White=2     	Black=1      Inaccurate:     	White=1     	---        OK:         	White=3     	Black=6      Best:        	---       	Black=3      Brilliant:      	White=1     	---} 0-1

[Event "4NCL Div 2 2024-25"]
[Site "England"]
[Date "2025.01.26"]
[Round "4.13"]
[White "Hoffmann, Hendrik"]
[Black "Wafa, Shrook"]
[Result "0-1"]
[Annotator "TA"]
[ECO "B22"]
[WhiteElo "2202"]
[BlackElo "2110"]
[PlyCount "112"]
[EventDate "2024.11.23"]
[EventType "team-tourn"]
[EventCountry "ENG"]
[SourceTitle "playchess.com"]
[Source "ChessBase"]
[SourceQuality "1"]
[TimeControl "40/6000+30:3000+30"]

1. e4 c5 2. c3 g6 3. Nf3 Bg7 4. d4 cxd4 5. cxd4 d6 6. h3 Nf6 7. Nc3 Nc6 8. Be2 {[%emt 0:02:59] B22: Sicilian: 2 c3.} d5 9. e5 Ne4 10. O-O {[%emt 0:01:09] White is slightly better.} O-O 11. Be3 Nxc3 12. bxc3 Na5 13. Qd2 $146 (13. Nd2 Bd7 14. f4 Rc8 15. Rc1 Qb6 16. c4 Nxc4 17. Nxc4 dxc4 18. Bxc4 e6 19. Qb3 Qxb3 20. Bxb3 {½-½ Jafarli,B (2020)-Bayramov,E (2302) Mersin op 5th 2021 (6)}) 13... Bd7 14. Bh6 Rc8 15. Rfe1 Nc4 16. Qf4 e6 17. Nh2 {[%emt 0:11:30][%cal Bf3h2,Bh2g4,Bg4e5,Be5d7,Bd7c5][%mdl 32] Bxc4 would now be deadly.} f5 {[%emt 0:03:14] White has space advantage and is better} 18. exf6 $1 {[%emt 0:08:36] White attacks} Rxf6 19. Qh4 (19. Qc1 $14) 19... Bxh6 (19... Rf8 $11 {remains equal.} 20. Bg5 Qa5) 20. Qxh6 $16 Nd6 21. Ng4 Rf8 22. Rac1 b5 23. Bd3 Qe7 24. Qe3 Qg7 25. Qe5 (25. Ne5 $16) 25... Qxe5 $14 26. Nxe5 Be8 27. f3 Bf7 28. Nd7 Rfd8 29. Nc5 Re8 30. Rb1 a6 31. a4 bxa4 {[%emt 0:02:01][%csl Oa4,Oa6,Oe6] Black has weak pawns} (31... e5 $14 {should be considered.}) 32. Bxa6 $16 Rc6 33. Ra1 e5 $1 34. Rxa4 (34. Rxe5 Rxe5 35. dxe5 Nf5 $19) 34... exd4 35. Rxe8+ Bxe8 36. cxd4 Rb6 {[%emt 0:06:00] Wards off Rb4} 37. Ra2 Rb4 38. Rd2 Nf5 39. Ne6 Bf7 40. Bc8 h5 41. Kf2 h4 42. Ke2 Ne7 43. Bd7 Bxe6 44. Bxe6+ $11 {[%emt 0:00:00][%mdl 4096] Endgame KRB-KRN. White is a pawn up.} Kg7 45. Kd3 Kf6 46. Bd7 Rb7 47. Be8 Rb3+ 48. Kc2 Rb4 49. Bd7 Rb7 50. Be8 Nf5 51. Kd1 (51. Kc3 $11) 51... Rb4 ({Black should play} 51... Ne3+ $17 52. Kc1 Rc7+ 53. Kb1 Re7) 52. Bc6 $2 {[%emt 0:00:00][%mdl 8192] This costs White the game.} (52. Ke1 $11) 52... Nxd4 $19 {[%emt 0:00:00][%cal Rb4b1] [#] Black is clearly winning.} ({Weaker is} 52... Rxd4 53. Rxd4 Nxd4 54. Bxd5 $16) 53. Ke1 Nxc6 54. Rxd5 Ne5 55. Rd2 Kf5 56. Kf2 {[%emt 0:01:46] [#]} Rb2 $1 {[%emt 0:00:00][%mdl 512] Weighted Error Value: White=0.45/Black=0.14 (very precise)   Loses game:     	White=1     	---        Mistake:       	White=3     	Black=3      Inaccurate:     	White=4     	Black=5      OK:         	White=19    	Black=22     Best:        	---       	Black=1      Strong:       	White=1     	Black=1} 0-1

[Event "4NCL Div 2 2024-25"]
[Site "England"]
[Date "2025.01.26"]
[Round "4.14"]
[White "Snape, Ian L"]
[Black "Kemp, Peter D"]
[Result "1/2-1/2"]
[Annotator "TA"]
[ECO "A83"]
[WhiteElo "2061"]
[BlackElo "2096"]
[PlyCount "117"]
[EventDate "2024.11.23"]
[EventType "team-tourn"]
[EventCountry "ENG"]
[SourceTitle "playchess.com"]
[Source "ChessBase"]
[SourceQuality "1"]
[TimeControl "40/6000+30:3000+30"]

1. d4 f5 2. e4 fxe4 3. Nc3 Nf6 4. Bg5 Nc6 5. d5 Ne5 6. Qe2 Nf7 {[%emt 0:01:21] A83: Dutch Defence: Staunton Gambit with 3 Nc3 Nf6 4 Bg5.} 7. Bxf6 (7. Nxe4 $2 Nxe4 (7... Nxd5 8. Nf3 $11) 8. Bh4 Nf6 9. Bxf6 gxf6 $19) 7... exf6 8. Nxe4 Be7 {[%emt 0:00:53] [#] White has an edge.} 9. d6 $1 cxd6 10. Nc3 O-O 11. O-O-O d5 12. Nxd5 Bc5 13. Qh5 $146 (13. f4 d6 14. Nf3 Re8 15. Qd2 Bd7 16. Bc4 b5 17. Bb3 a5 18. c3 b4 19. cxb4 axb4 {0-1 Panelo Munoz,M (2360)-Sturt,R (2437) Badalona op 44th 2018 (8)}) 13... d6 14. Bd3 $40 {[%emt 0:09:21][%csl Gd3][%cal Rh5h7,Bf1d3,Bd3c4,Bc4d5][%mdl 160] White mounts an attack.} f5 {[%emt 0:09:20] A sharp opening} (14... Nh6 $14) 15. f4 $16 {[%emt 0:07:18] White has more active pieces.} g6 (15... Nh6 $142) 16. Qh3 Be6 17. Bc4 Bxd5 18. Bxd5 (18. Rxd5 $6 Qe7 19. Qf3 b5 $11) 18... Qf6 19. Kb1 (19. Bxb7 $2 Rab8 20. Qf3 d5 $19) 19... Rfe8 20. Qb3 (20. Bxb7 $2 Rab8 21. Qf3 Re4 $19 (21... Re7 $2 22. Ne2 $19)) 20... Re7 21. Nf3 (21. Bxb7 $2 Rb8 22. Qd3 Rbxb7 $19 (22... Rexb7 $2 23. b3 $19)) 21... Kf8 22. Rhe1 (22. Bxb7 $2 Rb8 23. Qd3 (23. Ng5 $2 Kg7 $19) 23... Rbxb7 $19 (23... Rexb7 $2 24. b3 $19)) 22... Rae8 23. Rxe7 (23. Bxb7 $2 Rb8 24. Qc4 (24. Rxe7 $2 Qxe7 25. Qc3 Qxb7 $19) 24... Rbxb7 $19) 23... Rxe7 24. Bxb7 Nd8 25. Bd5 Ne6 26. g3 Nd4 27. Nxd4 (27. Qc3 $18 Qg7 28. b4 (28. Nxd4 Bxd4 29. Qc8+ Re8 $16)) 27... Qxd4 28. c3 Qe3 29. Qb8+ Re8 {[%emt 0:01:01] Black is weak on the light squares} 30. Qc7 Qe7 31. Qxe7+ Rxe7 {[%emt 0:00:07][%mdl 4096] Endgame KRB-KRB. White is a pawn up.} 32. b4 Bb6 33. Rd2 {[%emt 0:04:25] Wards off Re2} h5 34. Kc2 h4 35. a4 Be3 36. Rd1 Bf2 37. gxh4 Bxh4 38. Rd2 Re3 39. Kb3 Bf6 40. Rc2 Ke7 41. a5 Kd7 42. b5 {[%emt 0:00:00] aiming for b6.} Kc7 43. Kb4 (43. Kc4 $18) 43... Rd3 {[%emt 0:01:50] [#]} 44. Kc4 Re3 45. Bf7 (45. Bg2 $16) 45... g5 46. fxg5 Bxg5 47. Rf2 f4 {[%emt 0:02:09] [#]} (47... Re4+ $142 48. Kb3 Re5) 48. h4 Bh6 $2 (48... Re4+ $11 {and Black is okay.} 49. Kd3 Bxh4 50. b6+ (50. Kxe4 Bxf2 51. Bd5 Bh4 $11) 50... axb6 51. axb6+ Kb8) 49. Rg2 (49. Bd5 $18) 49... f3 $14 50. Rf2 Bg7 51. Bd5 ({White should try} 51. h5 $1 $14) 51... Bxc3 (51... Rxc3+ $11 52. Kb4 Rd3) 52. Rxf3 (52. Rc2 $16 Bg7 53. b6+ Kb8 54. Kb5 axb6 55. axb6) 52... Rxf3 $11 53. Bxf3 Bxa5 {[%emt 0:01:02] KB-KB} 54. h5 {[%emt 0:00:00] White threatens h6 and mate.} Bd2 55. Kd5 Kd7 56. Bg4+ Ke7 57. Kc6 Kf6 58. Kxd6 Bf4+ 59. Kd5 {[%emt 0:16:23] Black defended with fortune.   Weighted Error Value: White=0.18 (very precise) /Black=0.18 (very precise)   Loses game:     	---       	Black=1      Mistake:       	White=7     	Black=4      Inaccurate:     	White=1     	Black=2      OK:         	White=29    	Black=21     Best:        	White=1     	Black=2      Brilliant:      	White=1     	---} 1/2-1/2

[Event "4NCL Div 2 2024-25"]
[Site "England"]
[Date "2025.01.26"]
[Round "4.15"]
[White "Franco, Gaston"]
[Black "Nguyen, Thu Giang"]
[Result "1/2-1/2"]
[Annotator "TA"]
[ECO "B13"]
[WhiteElo "2070"]
[BlackElo "2049"]
[PlyCount "60"]
[EventDate "2024.11.23"]
[EventType "team-tourn"]
[EventCountry "ENG"]
[SourceTitle "playchess.com"]
[Source "ChessBase"]
[SourceQuality "1"]
[TimeControl "40/6000+30:3000+30"]

1. e4 c6 2. d4 d5 3. exd5 cxd5 4. Bd3 Nc6 5. c3 Qc7 6. Nf3 Bg4 7. O-O e6 {[%emt 0:03:02] B13: Caro-Kann: Exchange Variation and Panov-Botvinnik Attack.} 8. Nbd2 Bd6 {[%emt 0:02:44][%cal Od6h2] ...Bxh2+! is in the air} 9. h3 Bh5 10. Re1 Nf6 11. Nf1 O-O $1 {[%emt 0:02:55] The main line 11...0-0 scores better than 11...Bg6.} 12. Bg5 Rac8 13. Bh4 Rfe8 14. Bg3 e5 $146 (14... a6 15. Bxd6 Qxd6 16. Ng3 Bg6 17. Ne5 Qc7 18. f4 Bxd3 19. Qxd3 b5 20. a3 Rb8 {0-1 Jarocka,L (2200)-Guzman,C (2239) Titled Tuesday intern op 19th Mar Early blitz 2024 (9)}) 15. dxe5 Nxe5 16. Bxe5 Bxe5 (16... Rxe5 $5 17. Rxe5 Bxf3 18. Qxf3 Bxe5 $11) 17. g4 Bg6 18. Bb5 Re7 19. Ne3 {[%emt 0:01:57][%cal Og4g5] [#]} Be4 ({Black should play} 19... Bg3 $11) 20. g5 $14 Nh5 21. Nxe5 (21. Nxd5 $6 Bxd5 22. Qxd5 Nf4 $11) 21... Rxe5 22. Qxh5 {[%emt 0:01:22] White attacks} f6 {[%emt 0:00:17] [#]} 23. f4 ({White has to play} 23. h4 $1 $16) 23... Rxg5+ $1 $11 {[%emt 0:00:18] The position is equal.} 24. fxg5 Qg3+ 25. Kf1 Bf3 {[%emt 0:00:19] Dodges Qg4} 26. Bd7 Bxh5 27. Bxc8 Qf4+ (27... Qxg5 $6 28. Bg4 $16 (28. Bxb7 Qf4+ 29. Kg1 Qg3+ 30. Kf1 Qxh3+ 31. Kg1 Qg3+ 32. Kf1 Bf3 $17)) 28. Kg1 Qg3+ 29. Kf1 $1 ({Don't blunder} 29. Ng2 $2 Bf3 30. Be6+ Kf8 $19) 29... Qf3+ ({Of course not} 29... Qxg5 $6 30. Be6+ (30. Bxb7 Qf4+ 31. Kg1 Qg3+ 32. Kf1 Qxh3+ 33. Kf2 Qf3+ 34. Kg1 Qg3+ 35. Kf1 Qf4+ 36. Kg1 Bf3 $17) 30... Kh8 31. Bg4 $16) 30. Kg1 {[%emt 0:00:05] aiming for Nf5.} Qg3+ $1 {[%emt 0:00:04] Weighted Error Value: White=0.10 (very precise) /Black=0.08 (flawless)   Mistake:       	White=1     	Black=1      Inaccurate:     	White=1     	---        OK:         	White=12    	Black=8      Best:        	White=2     	Black=1      Strong:       	White=1     	Black=2} 1/2-1/2

[Event "4NCL Div 2 2024-25"]
[Site "England"]
[Date "2025.01.26"]
[Round "4.16"]
[White "Baltrunas, Evaldas"]
[Black "Serbanescu, Diana-Maria"]
[Result "1/2-1/2"]
[Annotator "TA"]
[ECO "E97"]
[WhiteElo "1995"]
[BlackElo "1992"]
[PlyCount "140"]
[EventDate "2024.11.23"]
[EventType "team-tourn"]
[EventCountry "ENG"]
[SourceTitle "playchess.com"]
[Source "ChessBase"]
[SourceQuality "1"]
[TimeControl "40/6000+30:3000+30"]

1. d4 d6 2. Nf3 Nf6 3. c4 g6 4. Nc3 Bg7 5. e4 O-O 6. Be2 e5 7. O-O Nc6 8. d5 Ne7 9. a4 Nd7 {[%emt 0:05:40] E97: King's Indian: Classical Main Line (6...e5 7 0-0 Nc6): 8 Be3 and 8 d5 Ne7, not 9 Ne1.} 10. a5 f5 11. Ng5 Nf6 {[%emt 0:14:47] White is slightly better.} 12. exf5 Nxf5 13. Ra3 Nd4 $146 (13... Qe7 14. Re1 h6 15. Nge4 Nd4 16. Bd3 Nh5 17. Ne2 Bg4 18. Be3 Bxe2 19. Bxe2 Nxe2+ 20. Rxe2 {1-0 Hobuss,U (2385)-Degiacomi,F (2007) Nagler Memorial op 1998 (6)}) 14. Bd3 Bg4 15. f3 Bd7 16. Ne2 Nxe2+ 17. Qxe2 Qe8 18. Qc2 {[%emt 0:08:50] White has more active pieces.} (18. Be3 $16) 18... Nh5 19. g3 Bf6 20. Ne4 Be7 21. b4 c6 {[%emt 0:07:17] Counterplay White} 22. a6 {[%emt 0:11:45] White plays on the queen side and is better} cxd5 {[%emt 0:01:49] White has space advantage and is better} 23. cxd5 (23. axb7 {seems wilder.} Rb8 24. Nc3 d4 25. Nd5) 23... Rc8 24. Qe2 bxa6 (24... b6 $14) 25. Rxa6 Bh3 (25... Nf6 $142) 26. Rd1 (26. Nxd6 Bxf1 27. Qxf1 Bxd6 28. Rxd6 Qe7 $17) 26... Rb8 (26... Nf6 $16 27. Rxa7 (27. Nxd6 Bxd6 28. Rxd6 Qa4 $18) 27... Nxe4 28. Bxe4 Rb8) 27. Bd2 Qd7 28. Rda1 Rb7 (28... Nf6 $142 29. Rxa7 Rb7) 29. R1a5 Ng7 (29... Nf6 $142) 30. Nf2 Bf5 (30... Nf5 $16) 31. Bb5 $1 $18 Qc8 32. Bc6 (32. Rxa7 Rxa7 33. Rxa7 Bd8 $18) 32... Rb6 33. Rxa7 Bd8 34. Ra8 Rb8 35. Rxb8 Qxb8 36. Ra8 Qb6 37. b5 Qc5 38. Be3 Qb4 39. Kg2 Bb1 40. Bd2 Qb2 41. Nd1 ({White should try} 41. g4 $18) 41... Qb3 $16 42. Nc3 $1 Nf5 {[%emt 0:00:14] [#]} (42... Bc2 $16 43. g4 h5) 43. Nxb1 (43. Bd7 $1 $18 ) 43... Qxb1 {[%emt 0:02:10] [#]} 44. Be3 (44. Bd7 $1 $16 ) 44... Nxe3+ 45. Qxe3 Qc2+ 46. Qf2 Qxf2+ (46... Qd1 $11 {feels stronger.}) 47. Kxf2 $11 {[%emt 0:00:00][%mdl 4096] Endgame and Ra6 would now be decisive. KRB-KRB. White is a pawn up.} Bb6+ 48. Ke2 Rxa8 49. Bxa8 $14 {[%emt 0:00:01] KB-KB. White is a pawn up.} Kf7 50. Kd3 Kf6 51. Ke4 g5 52. Bc6 Bc5 53. Bd7 Bb6 54. Kd3 h6 55. Be8 Bc5 56. Ke2 Bb6 57. Kf1 Kf5 58. Kg2 Kf6 59. Kh3 Bc5 60. Kg4 Bb6 61. Kh5 Kg7 62. h4 gxh4 63. Kxh4 Kf6 64. Kh5 Kg7 65. Bg6 Be3 66. Bc2 Bb6 67. f4 exf4 68. gxf4 Bc5 69. Kg4 Kf6 70. f5 Bb6 {[%emt 0:00:00] Black escapes into a draw.   Weighted Error Value: White=0.31/Black=0.28 (precise)   Mistake:       	White=4     	Black=8      Inaccurate:     	White=6     	Black=7      OK:         	White=13    	Black=19     Best:        	---       	Black=1      Strong:       	White=2     	---} 1/2-1/2